Arrhythmia, chaotic female vampiric Convict ------- |..|..| -------- ------..0..--- ---......--- |......---...| |?..%......| |.|.|...0..|.--|........|.--- |.|0--..|..|...-#-#-#-#--...| |.....00|00..>.^^^^^^^^^..@.| |.|0--..|..|...-#-#-#-#--aa.| |.|.|...0..|.|(|...%....|.--- |......---...|-|?.........| ------..0..--- ---......--- |..|..| -------- ------- Arrhythmia the Prisoner Experience level: 10 Strength: 16 Dexterity: 14 Constitution: 19 Intelligence: 11 Wisdom: 10 Charisma: 6 Health: 0(95) Energy: 62(62) AC: 10 Gold: 0 Moves: 9961 Your Inventory: Armor c - a blessed +2 T-shirt of power k - an uncursed +0 studded leather armor w - a blessed +2 blue and green shield [elven] B - an uncursed +0 pair of gloves called Reg [leather] G - an [uncursed] +0 pair of jackboots [high] J - an uncursed +1 leather hat [elven leather helm] K - an uncursed +0 elven cloak Comestibles i - an [uncursed] Hot Futa Mare Dick named Ward against forgetfulness C - an [uncursed] apple Rings v - an [uncursed] ring of stealth (on right hand) y - an [uncursed +0] opal ring [of adornment] (on left hand) Tools a - an uncursed [+0] unicorn horn b - an uncursed skeleton key f - an uncursed bag called Portal to the elemental plane of TEETH [of holding] j - an uncursed [tooled] horn l - an uncursed magic flute [0:4] m - an uncursed expensive camera [0:65] S - an uncursed towel Contents of the bag of holding: 194 gold pieces an [uncursed] scroll of identify a [cursed] scroll of teleportation an [uncursed] scroll of teleportation a [blessed] clear potion [of holy water] an [uncursed] effervescent potion [of sickness] a [cursed] potion called 500 Ml [of see invisible] an uncursed [+0] pick-axe an [uncursed] black gem [worthless glass] an [uncursed] green gem [worthless glass] Spells known in the end: Name Level Category Fail Memory a - confuse monster 2 enchantment 45% [|||||||.] Your skills at the end: Fighting Skills body armor [Basic / Skilled] shield [Basic / Basic] Weapon Skills sling [Basic / Skilled] Spellcasting Skills Final Attributes: You were piously aligned. Hunger level was 275. Your alignment was 59 / 59. Monster difficulty range was 1 - 9. Level difficulty was 8. You were immune to poison. You were immune to level-drain. You were immune to sickness. You saw invisible. You were adorned. You were stealthy. You could fly. You could survive without air. You regenerated. Your luck was zero. You are dead. Vanquished creatures: a black pudding 3 small mimics a shocking sphere a large cat a tengu a human mummy a soldier a watchman 2 chameleons 2 giant beetles 4 winter wolf cubs 2 leprechauns an iron piercer 2 giant spiders 2 scorpions a horse a gnome king an orc mummy a brown pudding a yeti a gold golem 4 Green-elves a lizard 2 dingos a white unicorn a gray unicorn a plains centaur 3 Woodland-elves 4 snow ants 5 bugbears a water nymph 7 Mordor orcs 2 orc shamans 2 rock piercers 2 ponies 3 yellow lights 2 shriekers 9 gnome lords 2 gnomish wizards a kobold mummy a barrow wight 3 paper golems 3 giant ants 2 little dogs a floating eye a kitten 7 dwarves a homunculus 3 kobold lords 2 kobold shamans 6 hill orcs 2 rothes 2 rabid rats a monkey 4 orc zombies a wererat 6 iguanas 8 killer bees an acid blob a gas spore 3 hobbits 6 manes a large kobold 6 hobgoblins 5 giant rats 6 cave spiders 4 yellow molds a red mold 39 gnomes 2 garter snakes 2 gnome zombies 5 geckos 3 jackals 2 foxes a kobold 6 goblins 3 sewer rats 5 grid bugs 4 lichens 4 kobold zombies 11 newts 259 creatures vanquished. Voluntary challenges: You went without food. You never hit with a wielded weapon. You read items or engraved 13 times. You put on armor 54 times. You never genocided any monsters. You never polymorphed an object. You changed form 1 time. You used no wishes. You abstained from Elbereth's help. You never encountered a bones level. You never used any Sokoban shortcuts. Dungeon overview: The Dungeons of Doom: levels 1 to 9 Level 1 a long staircase Level 2 (Vault) a fountain Level 3 a music store, an altar Level 4 a fountain stairs to The Gnomish Mines Level 5 (Vault) Level 6 (Succ) a sink Level 7 a general store, a fountain Level 8 many fountains Level 9 stairs to Sokoban The Gnomish Mines: levels 5 to 9 Level 5 stairs to The Dungeons of Doom Level 8 many shops, a temple, a magic chest, a fountain Sokoban: levels 7 to 8 Level 8 <- You were here a magic chest stairs to The Dungeons of Doom History has recorded: On T:1 you entered the Dungeons of Doom to retrieve the Amulet of Yendor! On T:268 you reached level 2 of The Dungeons of Doom. On T:857 you reached level 3 of The Dungeons of Doom. On T:993 you advanced to experience level 2. On T:1151 you reached level 4 of The Dungeons of Doom. On T:1171 you advanced to experience level 3. On T:1218 you advanced to experience level 4. On T:1234 you reached level 1 of The Gnomish Mines. On T:1322 you advanced to experience level 5. On T:1760 you reached level 5 of The Dungeons of Doom. On T:1966 you advanced to experience level 6. On T:2069 you reached level 6 of The Dungeons of Doom. On T:2177 you advanced to experience level 7. On T:2463 you reached level 7 of The Dungeons of Doom. On T:3420 you advanced to experience level 8. On T:3836 you reached level 2 of The Gnomish Mines. On T:5704 you reached level 3 of The Gnomish Mines. On T:6014 you advanced to experience level 9. On T:6372 you reached level 4 of The Gnomish Mines. On T:7138 you reached level 5 of The Gnomish Mines. On T:9294 you advanced to experience level 10. On T:9579 you reached level 8 of The Dungeons of Doom. On T:9856 you reached level 9 of The Dungeons of Doom. On T:9881 you reached level 3 of Sokoban. On T:9952 you reached level 2 of Sokoban. Latest messages: [HP-5=69] The giant ant bites! (4x) [HP-11=58] [HP+1=59] You fly down along the stairs. The giant ant bites! (2x) [HP-6=53] The giant ant bites! (4x) [HP-8=45] The giant ant bites! (2x) [HP-4=41] The giant ant bites! (4x) [HP-13=28] The giant ant bites! (2x) [HP-5=23] The giant ant bites! (4x) [HP-10=13] The giant ant bites! (2x) [HP-2=11] The giant ant bites! (4x) [HP-8=3] The giant ant bites! You die... Final status: Goodbye Arrhythmia the Convict... You died in Sokoban on dungeon level 8 with 731 points, and 194 pieces of gold, after 9961 moves. You were level 10 with a maximum of 95 hit points when you died.